 Dungeon Crawl Stone Soup version 0.29.1 (webtiles) character file.

Game seed: 9644490133724797394

709 qw the Chopper (level 7, -1/44 HPs)
             Began as a Gargoyle Fighter on Sept 13, 2022.
             Was an Initiate of Okawaru.
             Slain by a gnoll
             ... wielding a +0 spear
              (6 damage)
             ... on level 5 of the Dungeon.
             The game lasted 00:01:35 (4001 turns).

qw the Chopper (Gargoyle Fighter)                   Turns: 4001, Time: 00:01:36

Health: -1/44      AC: 12    Str: 21    XL:     7   Next: 68%
Magic:  7/7        EV:  9    Int:  9    God:    Okawaru [......]
Gold:   278        SH:  4    Dex:  9    Spells: 6/6 levels left

rFire   . . .      SeeInvis .   f - +0 broad axe (drain)
rCold   . . .      Faith    .   c - +0 buckler
rNeg    + . .      Spirit   .   b - +0 scale mail
rPois   inf        Reflect  .   l - +0 helmet
rElec   +          Harm     .   (no cloak)
rCorr   .          Rampage  .   (no gloves)
Will    .....                   (no boots)
Stlth   ..........              (no amulet)
HPRegen 0.14/turn               (no ring)
MPRegen 0.10/turn               (no ring)

@: no status effects
A: sickness immunity, AC +4, negative energy resistance 1, electricity
resistance, torment resistance 1, petrification resistance
a: Renounce Religion


You were on level 5 of the Dungeon.
You worshipped Okawaru.
Okawaru was noncommittal.
You visited 2 branches of the dungeon, and saw 6 of its levels.

You collected 278 gold pieces.


Innate Abilities, Weirdness & Mutations

You are immune to sickness and miasma.
Your stone body is resilient. (AC +4)
You are immune to poison.
You resist negative energy. (rN+)
You are resistant to electric shocks. (rElec)
You are resistant to unholy torment.
You are immune to petrification.


   Skills:
 + Level 4.7 Fighting
 - Level 7.0 Axes
 - Level 3.2 Armour
 - Level 1.0 Dodging
 - Level 3.2 Shields


You had 6 spell levels left.
You didn't know any spells.
Your spell library was empty.

Inventory:

Hand Weapons
 f - a +0 broad axe of draining (weapon)
 n - a +0 flail of protection
Armour
 b - a +0 scale mail (worn)
 c - a +0 buckler (worn)
 l - a +0 helmet (worn)
Scrolls
 a - a scroll of identify
Potions
 d - a potion of might
 e - a potion of heal wounds
 g - a potion of mutation
 h - 4 potions of curing
 i - a potion of attraction

Dungeon Overview and Level Annotations

Branches:
Dungeon (5/15)             Temple (1/1) D:5

Altars:
Elyvilon
Fedhas
Gozag
Kikubaaqudgha
Makhleb
Nemelex Xobeh
Okawaru
Qazlal
Xom
Yredelemnul
Zin

Shops:
D:2 =


Message History

The orc shouts!
The orc priest shouts!
The gnoll hits you but does no damage. The gnoll closely misses you. x2
You closely miss the gnoll. You block the gnoll's attack.
The gnoll hits you with a +0 flail. The gnoll barely misses you.
You hit the gnoll but do no damage. You drain the gnoll.
The gnoll is lightly wounded.
You slash the orc!
You kill the orc!
Okawaru accepts your kill.
The gnoll hits you from afar with a +0 halberd.
The gnoll hits you from afar with a +0 spear.
You block the gnoll's attack. The gnoll barely misses you.
You block the gnoll's attack. The gnoll hits you with a +0 flail.
You closely miss the gnoll.
The gnoll is lightly wounded.
You hit the orc but do no damage. You closely miss the orc priest.
The gnoll hits you but does no damage. x2; The gnoll barely misses you.
You block the orc priest's attack. The orc hits you but does no damage.
You hit the gnoll.
The gnoll is heavily wounded.
You slash the orc priest! You barely miss the orc.
You block the gnoll's attack.
The gnoll hits you from afar with a +0 spear!
The gnoll hits you but does no damage. The orc hits you but does no damage.
The orc priest closely misses you.
You slash the orc priest!
You kill the orc priest!
Okawaru accepts your kill.
You slash the orc!
You kill the orc!
Okawaru accepts your kill.
You slash the gnoll! You hit the orc but do no damage. You drain the orc.
The orc hits you but does no damage.
The gnoll hits you from afar with a +0 halberd!
The gnoll hits you from afar with a +0 spear!
The gnoll barely misses you. The gnoll hits you with a +0 flail.
The gnoll closely misses you.
The gnoll hits you from afar with a +0 spear.
You die...

..### .##. .. .....##
... ..## #..(...##.. .
...# ##.......#...
#.##..### #............
......... #............
.....g..# .........%.##
.....g)g####.........###
......g@...#......<..#
......o)##.%.........###
........####.........#..
........# #...........#
........####..........##
##########....[.......#
#.........#..........#
.........###.......#.##
.........####.....##..#


You could see 4 gnolls and an orc (very drained).

Vanquished Creatures
  A centaur (D:3)
  A phantom (D:5)
  Blork the orc (D:5)
  2 scorpions
  An orc priest (D:5)
  3 hounds
  An iguana (D:5)
  2 orc wizards (D:5)
  8 adders
  5 worms
  A dart slug (D:1)
  14 orcs
  8 endoplasms
  7 giant cockroaches
  7 hobgoblins
  10 jackals
  5 quokkas
  8 ball pythons
  6 bats
  5 frilled lizards
  3 goblins
  11 kobolds
  4 rats
114 creatures vanquished.

Notes
Turn   | Place    | Note
-------+----------+-------------------------------------------
     0 | D:1      | qw the Gargoyle Fighter began the quest for the Orb.
     0 | D:1      | Reached XP level 1. HP: 14/14 MP: 1/1
     0 | D:1      | 0 ||| qw: Version: 0.1-a-119-g272c26d
     0 | D:1      | 0 ||| qw: Game counter: 11164
     0 | D:1      | 0 ||| qw: Always use a shield: true
     0 | D:1      | 0 ||| qw: God list: Okawaru
     0 | D:1      | 0 ||| qw: Allow faded altars: false
     0 | D:1      | 0 ||| qw: Do Orc after D:15 true
     0 | D:1      | 0 ||| qw: Do second Lair branch before Depths: true
     0 | D:1      | 0 ||| qw: Lair rune preference: random
     0 | D:1      | 0 ||| qw: Plans: Normal, Zot, God:TSO, Crypt, Tomb, Pan,
                  | Slime, Hells, Zig, Abyss, Orb
     0 | D:1      | 0 ||| PLANNING D:1-11
    41 | D:1      | 41 ||| Stepping ~*~*~tactically~*~*~ (hiding).
    46 | D:1      | 46 ||| Stepping ~*~*~tactically~*~*~ (hiding).
    52 | D:1      | Reached skill level 2 in Axes
   306 | D:1      | 306 ||| Stepping ~*~*~tactically~*~*~ (stealth).
   318 | D:1      | Reached XP level 2. HP: 12/19 MP: 2/2
   341 | D:1      | 341 ||| Stepping ~*~*~tactically~*~*~ (stealth).
   685 | D:1      | HP: 3/19 [frozen (4)]
   687 | D:1      | Reached skill level 3 in Axes
  1084 | D:1      | Reached XP level 3. HP: 23/23 MP: 3/3
  1331 | D:1      | Found a faded altar of an unknown god.
  1481 | D:1      | 1481 ||| READING 2 scrolls labelled DOHOUH UBLUS.
  1482 | D:1      | 1482 ||| READING scroll labelled MUORCH NEATAON.
  1483 | D:1      | 1483 ||| READING scroll labelled JEARETW HIMOMP.
  1484 | D:1      | 1484 ||| READING scroll labelled FOQABB ALLE.
  1485 | D:1      | 1485 ||| READING scroll labelled HECLIB ACOXY.
  1486 | D:1      | 1486 ||| DRINKING 2 smoky dark potions.
  1500 | D:2      | 1500 ||| STAIRDANCE
  1505 | D:2      | 1505 ||| STAIRDANCE
  1574 | D:2      | 1574 ||| Stepping ~*~*~tactically~*~*~ (stealth).
  1642 | D:2      | 1642 ||| Stepping ~*~*~tactically~*~*~ (stealth).
  1643 | D:2      | 1643 ||| Stepping ~*~*~tactically~*~*~ (stealth).
  1706 | D:2      | Found a burning altar of Makhleb.
  1711 | D:2      | Reached XP level 4. HP: 28/28 MP: 4/4
  1883 | D:2      | Found Xoczik's Jewellery Shop.
  1903 | D:2      | 1903 ||| SHOPLISTING +6 ring of strength (468 gold, have
                  | 84).
  1903 | D:2      | 1903 ||| SHOPLISTING amulet of guardian spirit (390 gold,
                  | have 84).
  1903 | D:2      | 1903 ||| SHOPLISTING ring of ice (325 gold, have 84).
  1903 | D:2      | 1903 ||| SHOPLISTING ring of positive energy (260 gold,
                  | have 84).
  1903 | D:2      | 1903 ||| SHOPLISTING ring of resist corrosion (260 gold,
                  | have 84).
  1903 | D:2      | 1903 ||| SHOPLISTING ring of willpower (325 gold, have 84).
  1935 | D:2      | Reached skill level 4 in Axes
  2011 | D:2      | 2011 ||| UPGRADING to +0 helmet.
  2016 | D:2      | 2016 ||| READING scroll labelled CUDEINKEUWO.
  2017 | D:2      | 2017 ||| READING scroll labelled UMIMOXZO UNOH.
  2021 | D:2      | 2021 ||| READING scroll labelled TETUL NUEPN.
  2022 | D:2      | 2022 ||| READING 2 scrolls of identify.
  2022 | D:2      | 2022 ||| IDENTIFYING grey potion
  2052 | D:3      | 2052 ||| READING scroll of enchant weapon.
  2052 | D:3      | 2052 ||| ENCHANTING +0 spectral war axe.
  2096 | D:3      | Noticed a centaur
  2097 | D:3      | 2097 ||| Stepping ~*~*~tactically~*~*~ (hiding).
  2100 | D:3      | 2100 ||| Stepping ~*~*~tactically~*~*~ (hiding).
  2104 | D:3      | Killed a centaur
  2105 | D:3      | Reached XP level 5. HP: 28/32 MP: 5/5
  2154 | D:3      | 2154 ||| READING scroll of enchant weapon.
  2154 | D:3      | 2154 ||| ENCHANTING +1 spectral war axe.
  2326 | D:3      | Reached skill level 5 in Axes
  2452 | D:3      | 2452 ||| DROPPING +0 whip.
  2595 | D:3      | 2595 ||| Stepping ~*~*~tactically~*~*~ (stealth).
  2602 | D:3      | 2602 ||| FLEEEEING.
  2603 | D:3      | 2603 ||| FLEEEEING.
  2604 | D:3      | 2604 ||| FLEEEEING.
  2605 | D:3      | 2605 ||| FLEEEEING.
  2606 | D:3      | 2606 ||| FLEEEEING.
  2607 | D:3      | 2607 ||| FLEEEEING.
  2608 | D:3      | 2608 ||| FLEEEEING.
  2609 | D:3      | 2609 ||| FLEEEEING.
  2610 | D:3      | 2610 ||| FLEEEEING.
  2611 | D:3      | 2611 ||| FLEEEEING.
  2612 | D:3      | 2612 ||| FLEEEEING.
  2613 | D:3      | 2613 ||| FLEEEEING.
  2614 | D:3      | 2614 ||| FLEEEEING.
  2615 | D:3      | 2615 ||| FLEEEEING.
  2616 | D:3      | 2616 ||| FLEEEEING.
  2617 | D:3      | 2617 ||| FLEEEEING.
  2618 | D:3      | 2618 ||| FLEEEEING.
  2619 | D:3      | 2619 ||| FLEEEEING.
  2883 | D:3      | 2883 ||| Stepping ~*~*~tactically~*~*~ (stealth).
  2892 | D:3      | Reached XP level 6. HP: 37/38 MP: 6/6
  2895 | D:3      | 2895 ||| Stepping ~*~*~tactically~*~*~ (stealth).
  2911 | D:3      | Reached skill level 1 in Dodging
  2912 | D:3      | Found a shimmering altar of Xom.
  2913 | D:3      | 2913 ||| DROPPING orb of guile.
  3015 | D:3      | Identified the +1 ring mail of Feasting {Harm}
  3017 | D:3      | 3017 ||| DROPPING +1 ring mail of Feasting {Harm}.
  3018 | D:3      | 3018 ||| READING scroll labelled VEACI EGUT.
  3019 | D:3      | 3019 ||| READING scroll labelled KUUROA VAIR.
  3020 | D:3      | 3020 ||| DRINKING 2 inky potions.
  3021 | D:3      | 3021 ||| READING 2 scrolls of identify.
  3021 | D:3      | 3021 ||| IDENTIFYING sapphire potion
  3094 | D:4      | 3094 ||| READING scroll of enchant weapon.
  3094 | D:4      | 3094 ||| ENCHANTING +2 spectral war axe.
  3123 | D:4      | Found a blossoming altar of Fedhas.
  3339 | D:4      | 3339 ||| Stepping ~*~*~tactically~*~*~ (stealth).
  3395 | D:4      | Found an opulent altar of Gozag.
  3512 | D:4      | 3512 ||| Stepping ~*~*~tactically~*~*~ (stealth).
  3546 | D:4      | 3546 ||| DROPPING +6 ring of intelligence.
  3547 | D:4      | 3547 ||| READING 2 scrolls of identify.
  3547 | D:4      | 3547 ||| IDENTIFYING emerald potion
  3548 | D:4      | 3548 ||| DROPPING potion of brilliance.
  3559 | D:5      | Entered Level 5 of the Dungeon
  3564 | D:5      | Reached skill level 6 in Axes
  3578 | D:5      | Reached XP level 7. HP: 43/43 MP: 7/7
  3584 | D:5      | Noticed Blork the orc
  3585 | D:5      | 3585 ||| Stepping ~*~*~tactically~*~*~ (hiding).
  3589 | D:5      | Killed Blork the orc
  3692 | D:5      | 3692 ||| SWAPPING to +0 broad axe of draining.
  3693 | D:5      | 3693 ||| DROPPING +3 spectral war axe.
  3736 | D:5      | Reached skill level 7 in Axes
  3777 | D:5      | Found a staircase to the Ecumenical Temple.
  3778 | D:5      | 3778 ||| PLANNING TEMPLE
  3791 | D:5      | 3791 ||| READING 2 scrolls of identify.
  3791 | D:5      | 3791 ||| IDENTIFYING clear potion
  3792 | D:5      | 3792 ||| DROPPING potion of flight.
  3795 | Temple   | Entered the Ecumenical Temple
  3922 | Temple   | 3922 ||| PLANNING D:1-11
  3925 | Temple   | Became a worshipper of Warmaster Okawaru
  4001 | D:5      | HP: 6/44 [gnoll/+0 spear (7)]
  4001 | D:5      | Slain by a gnoll

Levels and vault maps discovered:
D:1:      amcnicky_arrival_flooded_fountain, layout_basic,
          shapermc_ecumenical_altar_flowoftime, minmay_misc_feat_enclosed,
          chequers_serial_rivers_room_a
D:2:      layout_rooms, basic_altar, serial_shops, shop
D:3:      minmay_octagon_keep, layout_basic, tgw_xom, minmay_misc_feat_x
D:4:      layout_gridville, grunt_gozag_statues, old_standard_altar
D:5:      black_bear_nest_2, layout_rooms, minmay_temple_entry_hall,
          serial_park_tiny_1, uniq_blork_the_orc
Temple:   nicolae_temple_godpark

Skill      XL: |  1  2  3  4  5  6  7 |
---------------+----------------------+-----
Axes           | 2 3 4 5 6 7 |  7.0
Fighting       | 4 |  4.7
Dodging        | 1 |  1.0
Armour         | |  3.2
Shields        | |  3.2

Action                   |  1- 3 |  4- 6 |  7- 9 || total
-------------------------+-------+-------+-------++-------
Melee: War axe           |   100 |    88 |     1 ||   189
       Broad axe         |       |       |    27 ||    27
  Use: Scroll            |     5 |    11 |     1 ||    17
       Potion            |     1 |     1 |       ||     2
Armor: Scale mail        |    59 |    18 |    23 ||   100
Dodge: Dodged            |    56 |    26 |    22 ||   104
Block: Buckler           |    20 |     7 |     7 ||    34

Table legend:
 A = Non-vault XP
 B = Vault XP
 C = Vault XP percentage of total XP
 D = Non-vault monster count
 E = Vault monster count
 F = Vault count percentage of total count
                 A         B        C        D         E       F
            +---------+---------+-------+---------+---------+-------
      Total |     925 |     135 |  12.7 |      98 |      16 |  14.0
            +---------+---------+-------+---------+---------+-------
        D:1 |      37 |       0 |   0.0 |      22 |       0 |   0.0
        D:2 |      63 |       0 |   0.0 |      15 |       0 |   0.0
        D:3 |     184 |      45 |  19.7 |      25 |      15 |  37.5
        D:4 |     203 |       0 |   0.0 |      22 |       0 |   0.0
        D:5 |     438 |      90 |  17.0 |      14 |       1 |   6.7
            +---------+---------+-------+---------+---------+-------
